 Dungeon Crawl Stone Soup version 0.15-a0-1029-ge69a1e2 (webtiles) character file.

190 Herrn the Insei (level 5, -1/28 HPs)
             Began as a Vine Stalker Monk on May 27, 2014.
             Slain by a worker ant (3 damage)
             ... on Level 4 of the Dungeon.
             The game lasted 00:11:37 (2549 turns).

Herrn the Insei (Vine Stalker Monk)                 Turns: 2549, Time: 00:11:37

HP  -1/28        AC  3     Str 14      XL: 5   Next: 69%
MP   0/9         EV 14     Int 10      God:
Gold 153         SH  0     Dex 17      Spells:  0 memorised,  6 levels left

rFire  . . .     SeeInvis .       - Unarmed
rCold  . . .     Clarity  .     e - +0 robe
rNeg   . . .     Conserve .     (no shield)
rPois  .         rCorr    .     (no helmet)
rElec  .         rRot     +     g - +0 cloak (curse)
SustAb .         Spirit   +     (no gloves)
rMut   .         Warding  .     (no boots)
Gourm  .         Stasis   .     (no amulet)
MR     .....                    (no ring)
                                (no ring)

@: not resistant to hostile enchantments, unstealthy
A: fangs 2, regeneration 1, magic shield, antimagic bite, no device heal 3, rot
immunity
a: no special abilities


You were on level 4 of the Dungeon.
You were very hungry.

You visited 1 branch of the dungeon, and saw 4 of its levels.

You collected 153 gold pieces.

Inventory:

Armour
 a - a +0 robe
 e - a +0 robe (worn)
 g - a cursed +0 cloak (worn)
 u - a +2 robe
 v - a cursed +0 chain mail
Comestibles
 b - 4 bread rations
 p - a pear
 z - a choko
Scrolls
 i - 3 scrolls of remove curse {unknown}
 k - a scroll of amnesia {unknown}
 l - 2 scrolls of magic mapping {unknown}
 m - 2 scrolls of identify {unknown}
 n - 2 scrolls of teleportation {unknown}
 o - 2 scrolls of random uselessness {unknown}
 q - a scroll of enchant weapon I {unknown}
 s - a scroll of noise {unknown}
 t - a scroll of enchant armour {unknown}
 y - a scroll of blinking {unknown}
Potions
 c - a potion of restore abilities
 d - a potion of agility {unknown}
 f - a potion of lignification {unknown}
 h - 2 potions of heal wounds
 j - 3 potions of curing
 r - a potion of haste {unknown}
 w - a potion of flight {unknown}


   Skills:
 + Level 3.1 Fighting
 + Level 3.2 Dodging
 - Level 2.4 Stealth
 * Level 5.8 Unarmed Combat
 * Level 1.2 Spellcasting


You had 6 spell levels left.
You didn't know any spells.

Dungeon Overview and Level Annotations

Branches:
Dungeon (4/15)
 Temple: D:4-7

Altars:
Elyvilon
Zin
The Shining One


Innate Abilities, Weirdness & Mutations

You have extremely sharp teeth.
Your natural rate of healing is unusually fast.
When hurt, damage is shared between your health and your magic reserves.
Your bite disrupts and absorbs the magic of your enemies.
Potions and wands cannot restore your health.
You are immune to rotting.


Message History

The worker ant poisons you!
You closely miss the worker ant. Your bite misses the worker ant.
The worker ant is moderately wounded.
You feel sick. The worker ant bites you.
You closely miss the worker ant. You bite the worker ant. You drain its power.
You feel invigorated.
The worker ant is heavily wounded.
You feel sick. The worker ant bites you.
* * * LOW HITPOINT WARNING * * *
You closely miss the worker ant.
The worker ant is heavily wounded.
* * * LOW HITPOINT WARNING * * *
You feel sick. The worker ant bites you.
* * * LOW HITPOINT WARNING * * *
The worker ant bites you.
* * * LOW HITPOINT WARNING * * *
You are more poisoned.
The worker ant poisons you!
You feel better. The worker ant bites you.
You die...

#########
#.......###
#.........# .
###.......#.###
...
..........(#...#
....
###..[....###.#
...$. #....<..#
#.##s..$..<
#.......#
#.@ag......
#.......#
####..$....
#.......# .....
#.......# ....
###.##### ... #.
. ##


You could see a worker ant, a giant cockroach and a goblin.

Vanquished Creatures
  A worker ant (D:4)
  A mummy (D:4)
  5 adders
  3 gnolls (D:3)
  A worm (D:3)
  A giant gecko (D:1)
  2 oozes
  2 orcs (D:3)
  5 ball pythons
  A giant cockroach (D:1)
  5 hobgoblins
  4 kobolds
  3 quokkas
  10 bats
  A giant newt (D:2)
  17 goblins
  3 jackals (D:3)
  9 rats
74 creatures vanquished.

Notes
Turn   | Place    | Note
--------------------------------------------------------------
     0 | D:1      | Herrn, the Vine Stalker Monk, began the quest for the Orb.
     0 | D:1      | Reached XP level 1. HP: 11/11 MP: 1/1
   240 | D:1      | Reached XP level 2. HP: 13/16 MP: 3/3
   699 | D:2      | Reached XP level 3. HP: 11/19 MP: 4/4
   810 | D:2      | Reached skill level 5 in Unarmed Combat
   848 | D:2      | Found a white marble altar of Elyvilon.
   848 | D:2      | Found a glowing golden altar of the Shining One.
   848 | D:2      | Found a glowing silver altar of Zin.
  1314 | D:2      | Reached XP level 4. HP: 3/23 MP: 5/5
  1316 | D:2      | HP: 1/23 [poisoned by an adder]
  1670 | D:3      | Reached XP level 5. HP: 10/28 MP: 2/7
  1894 | D:3      | Reached skill level 1 in Spellcasting
  2549 | D:4      | Slain by a worker ant

Action                   |  1- 3 |  4- 6 || total
-------------------------+-------+-------++-------
Melee: Unarmed           |   116 |    95 ||   211
  Use: Potion            |       |     4 ||     4
 Stab: Sleeping          |     4 |     3 ||     7
